 Dungeon Crawl Stone Soup version 0.31-a0-810-ga77100ea1a (webtiles) character file.

Game seed: 7664523039351734297

8892 lunkers the Geomancer (level 11, -3/91 HPs)
             Began as a Meteoran Earth Elementalist on Sept 21, 2023.
             Was an Initiate of Gozag.
             Slain by a red devil
             ... wielding a +0 trident of flaming
              (17 damage)
             ... in a volcano.
             The game lasted 00:09:34 (3921 turns).

lunkers the Geomancer (Meteoran Earth Elementalist) Turns: 3921, Time: 00:09:35

Health: -3/91      AC:  6    Str: 11    XL:     11   Next: 95%
Magic:  12/26      EV: 15    Int: 21    God:    Gozag
Gold:   351        SH:  0    Dex: 16    Spells: 16/30 levels left

rFire   . . .        t - +9 sling "Dokaif" {freeze, rN+ Dex+2}
rCold   . . .        (no shield)
rNeg    + . .        a - +0 robe
rPois   .            g - +1 helmet
rElec   .            o - +0 cloak
rCorr   .            h - +0 pair of gloves
SInv    .            (no boots)
Will    ++...        m - amulet of magic regeneration
Stlth   +            x - ring of willpower
HPRegen 0.35/turn    (no ring)
MPRegen 0.60/turn

%: no passive effects
@: spiked, gold aura, glowing
A: sense surroundings 2, otherworldly, glowing, explore regen
a: Renounce Religion, Potion Petition, Call Merchant, Bribe Branch


You were in a volcano.
You worshipped Gozag.
Gozag was aware of your devotion.
You visited 3 branches of the dungeon, and saw 11 of its levels.
You also visited: Volcano.

You collected 482 gold pieces.
You paid 131 gold pieces to Gozag.

Inventory:

Hand Weapons
 t - the +9 sling "Dokaif" (weapon) {freeze, rN+ Dex+2}
   (You found it on level 5 of the Dungeon)

   Dex+2:     It affects your dexterity (+2).
   rN+:       It protects you from negative energy.
Armour
 a - a +0 robe (worn)
 g - a +1 helmet (worn)
 h - a +0 pair of gloves (worn)
 o - a +0 cloak (worn)
 s - an orb of guile
Jewellery
 l - a ring of ice
 m - an amulet of magic regeneration (around neck)
 x - a ring of willpower (left hand)
Talismans
 k - a granite talisman
Wands
 d - a wand of charming (20)
 v - a wand of light (8)
 w - a wand of digging (1)
Scrolls
 c - 3 scrolls of teleportation
 e - a scroll of enchant weapon
 p - a scroll of immolation
 q - a scroll of noise
 y - a scroll of enchant armour
Potions
 b - a potion of magic
 f - a potion of might {unknown}
 i - 2 potions of haste
 j - a potion of ambrosia {unknown}
 n - 5 potions of curing
 r - 2 potions of heal wounds {unknown}
 u - 2 potions of lignification {unknown}
 z - a potion of cancellation {unknown}


   Skills:
 + Level 6.8 Fighting
 + Level 7.2 Dodging
 - Level 1.4 Stealth
 - Level 10.3 Spellcasting
 - Level 5.4 Conjurations
 - Level 1.2 Transmutations
 - Level 14.1 Earth Magic


You had 16 spell levels left.
You knew the following spells:

 Your Spells              Type           Power      Damage    Failure   Level
a - Stone Arrow           Conj/Erth      100%       3d13      1%          3
b - Passwall              Tmut/Erth      35%        N/A       1%          2
c - Sandblast             Erth           100%       2d20      1%          1
d - Petrify               Tmut/Erth      43%        N/A       2%          4
e - Brom's Barrelling Bo  Conj/Erth      51%        2d7       1%          4

Your spell library contained the following spells:

 Spells                   Type           Power      Damage    Failure   Level
 Slow                     Hex            40%        N/A       6%          1
 Wereblood                Tmut           15%        N/A       6%          2
 Sublimation of Blood     Necr           10%        N/A       10%         2
 Confusing Touch          Hex            10%        N/A       19%         3
 Sigil of Binding         Hex            10%        N/A       19%         3
 Vampiric Draining        Necr           10%        2d6       19%         3
 Summon Forest            Summ/Tloc      5%         N/A       87%         5
 Summon Mana Viper        Hex/Summ       10%        N/A       87%         5
 Summon Cactus Giant      Summ           5%         N/A       100%        6
 Summon Hydra             Summ           5%         N/A       100%        7


Dungeon Overview and Level Annotations

Branches:
Dungeon (8/15) Zot: 1323   Temple (1/1) D:6 Zot: 589    Lair (2/5) D:8 Zot: 789
 Spider (0/4) Lair:2      Volcano (1/1) Zot: 472
  Swamp: Lair:2-3    Shoals: Lair:2-3

Altars:
Cheibriados
Fedhas
Gozag
Nemelex Xobeh
Okawaru
Qazlal
Trog
Uskayaw
Vehumet
Wu Jian
Yredelemnul
Zin
The Shining One

Annotations:
D:7 1 runed translucent door, 2 transporters


Innate Abilities, Weirdness & Mutations

You passively map the area around you.
You are easily found by Zot.
You glow in the dark.
You regain HP and MP as you explore.


Message History

The stone arrow misses the red ugly thing.
Casting: Stone Arrow (safe; 1% risk of failure)
Confirm with . or Enter, or press ? or * to list all spells.
The stone arrow hits the red ugly thing!
The red ugly thing is heavily wounded.
The red devil hits you from afar with a +0 trident of flaming!!
Barbed spikes become lodged in your body.
The red devil burns you!
Casting: Stone Arrow (safe; 1% risk of failure)
Confirm with . or Enter, or press ? or * to list all spells.
The stone arrow misses the red ugly thing.
The red ugly thing engulfs you!
* * * LOW HITPOINT WARNING * * *
You are engulfed in flames!!
* * * LOW HITPOINT WARNING * * *
The red devil hits you from afar with a +0 trident of flaming!
* * * LOW HITPOINT WARNING * * *
Barbed spikes become lodged in your body.
The red devil burns you.
* * * LOW HITPOINT WARNING * * *
Casting: Stone Arrow (safe; 1% risk of failure)
Confirm with . or Enter, or press ? or * to list all spells.
Aiming: Stone Arrow (safe; 1% risk of failure)
Press: ? - help, Shift-Dir - straight line, f/p - red ugly thing
Aim: a red ugly thing (heavily wounded, 78% to hit)
The stone arrow hits the red ugly thing!!
You kill the red ugly thing!
The red devil closely misses you.
Unknown command.
Unknown command.
Casting: Stone Arrow (safe; 1% risk of failure)
Confirm with . or Enter, or press ? or * to list all spells.
Aiming: Stone Arrow (safe; 1% risk of failure)
Press: ? - help, Shift-Dir - straight line, f - red devil
Aim: a red devil, wielding a +0 trident of flaming (69% to hit)
The stone arrow hits the red devil!!
The red devil is severely wounded.
The red devil hits you from afar with a +0 trident of flaming!
You die...
Your body crumbles into a pile of gold.

#.§§§≈§§≈≈≈≈≈≈≈§§§...#
###..§≈≈§§§≈≈≈≈≈≈§.#.#
#....§≈§§§§§≈§..####
#......≈§≈≈≈...##
##.....§≈≈§≈...#
#...##..≈≈....#
#8.8###.....###
##.###.....## #@#
##...## * ** #$# #####
, , ..4 * _ **..∩.. **
, ..###.. * , * ..# ,
#.. , * *..# , *#..*,
..# , #.. , , *8*


You could see a red devil.

Vanquished Creatures
  A hydra (Lair:1)
  Pikel (D:6)
  An ugly thing (Volcano)
  3 komodo dragons
  2 cane toads (Lair:2)
  A meliai (Lair:2)
  5 blink frogs (Lair:1)
  6 fire bats (Volcano)
  Grum (D:8)
  4 water moccasins
  An orc warrior (D:8)
  A sky beast (D:7)
  5 black bears
  3 ogres
  10 wolves
  3 centaurs
  A phantom (D:5)
  3 lemures (D:6)
  3 bullfrogs
  2 scorpions
  7 wights (D:6)
  6 killer bees (Lair:2)
  6 lava snakes (Volcano)
  A jelly (D:7)
  4 hounds
  4 iguanas
  2 sleepcaps
  6 gnolls
  6 adders
  A shadow imp (D:5)
  A white imp (D:6)
  4 ufetubi
  A worm (D:3)
  4 dart slugs
  5 orcs
  3 bats
  5 endoplasms
  4 giant cockroaches
  4 goblins
  7 hobgoblins
  5 ball pythons
  5 frilled lizards
  7 kobolds
  2 rats (D:1)
157 creatures vanquished.

Notes
Turn   | Place    | Note
-------+----------+-------------------------------------------
     0 | D:1      | lunkers the Meteoran Earth Elementalist began the quest for
                  | the Orb.
     0 | D:1      | Reached XP level 1. HP: 14/14 MP: 5/5
    73 | D:1      | Reached skill level 4 in Earth Magic
    73 | D:1      | Reached XP level 2. HP: 20/20 MP: 0/6
    97 | D:1      | Learned a level 2 spell: Passwall
   507 | D:2      | Reached XP level 3. HP: 26/26 MP: 6/8
   722 | D:2      | Reached XP level 4. HP: 33/33 MP: 6/10
   842 | D:3      | Reached skill level 5 in Earth Magic
  1274 | D:4      | Noticed an ogre
  1277 | D:4      | Killed an ogre
  1277 | D:4      | Noticed a black bear
  1278 | D:4      | Reached skill level 6 in Earth Magic
  1278 | D:4      | Reached XP level 5. HP: 38/38 MP: 9/12
  1281 | D:4      | Killed a black bear
  1282 | D:4      | Reached XP level 6. HP: 45/45 MP: 11/14
  1289 | D:4      | Found a blossoming altar of Fedhas.
  1314 | D:4      | Found a bloodstained altar of Trog.
  1343 | D:4      | Reached skill level 5 in Spellcasting
  1343 | D:4      | Reached skill level 7 in Earth Magic
  1454 | D:4      | Reached XP level 7. HP: 50/50 MP: 15/15
  1606 | D:5      | Entered Level 5 of the Dungeon
  1612 | D:5      | Reached skill level 8 in Earth Magic
  1669 | D:5      | Identified the +9 sling "Dokaif" {freeze, rN+ Dex+2}
  1741 | D:5      | Reached XP level 8. HP: 57/57 MP: 15/18
  1756 | D:5      | Learned a level 3 spell: Stone Arrow
  1761 | D:5      | Learned a level 4 spell: Petrify
  1766 | D:5      | Learned a level 4 spell: Brom's Barrelling Boulder
  1931 | D:5      | Reached skill level 9 in Earth Magic
  2132 | D:6      | Found a staircase to the Ecumenical Temple.
  2135 | D:6      | Noticed Pikel
  2138 | D:6      | Reached skill level 10 in Earth Magic
  2159 | D:6      | Killed Pikel
  2160 | D:6      | Reached skill level 11 in Earth Magic
  2160 | D:6      | Gained mutation: You passively map the area around you.
                  | [Meteoran growth]
  2160 | D:6      | Reached XP level 9. HP: 10/62 MP: 11/22
  2400 | D:6      | Reached skill level 12 in Earth Magic
  2429 | D:6      | Found a glowing golden altar of the Shining One.
  2432 | D:6      | Found a basalt altar of Yredelemnul.
  2434 | D:6      | Noticed a profane servitor
  2497 | D:6      | Found a glowing silver altar of Zin.
  2519 | D:7      | Found an ornate altar of the Wu Jian Council.
  2603 | D:7      | Found an iron altar of Okawaru.
  2654 | D:7      | Reached XP level 10. HP: 60/69 MP: 21/24
  2716 | D:7      | Found a runed translucent door.
  2827 | D:7      | Found a transporter.
  2929 | D:7      | Found a transporter.
  3032 | D:8      | Noticed a komodo dragon
  3041 | D:8      | Killed a komodo dragon
  3049 | D:8      | Reached skill level 13 in Earth Magic
  3059 | D:8      | Noticed Grum
  3069 | D:8      | Killed Grum
  3070 | D:8      | Reached skill level 1 in Conjurations
  3076 | D:8      | Reached skill level 1 in Fighting
  3120 | D:8      | Found a staircase to the Lair.
  3130 | Lair:1   | Entered Level 1 of the Lair of Beasts
  3203 | Lair:1   | Noticed a five-headed hydra
  3207 | Lair:1   | Killed a five-headed hydra
  3246 | Lair:1   | Reached skill level 10 in Spellcasting
  3253 | Lair:1   | Reached XP level 11. HP: 29/81 MP: 2/26
  3293 | Lair:1   | Reached skill level 5 in Conjurations
  3293 | Lair:1   | Reached skill level 14 in Earth Magic
  3439 | Temple   | Entered the Ecumenical Temple
  3443 | Temple   | Became a worshipper of Gozag Ym Sagoz the Greedy
  3649 | Lair:2   | Found a hole to the Spider Nest.
  3660 | Lair:2   | Reached skill level 5 in Dodging
  3694 | Lair:2   | Reached skill level 5 in Fighting
  3776 | Lair:2   | Found a dark tunnel.
  3794 | Volcano  | Entered a volcano
  3915 | Volcano  | Noticed a red ugly thing
  3920 | Volcano  | Killed a red ugly thing
  3921 | Volcano  | Slain by a red devil

Illustrated notes

Levels and vault maps discovered:
D:1:      tarquinn_simple_flora_water_a, layout_loops_ring,
          chequers_serial_rivers_micro_d
D:2:      layout_loops_ring
D:3:      layout_loops_ring, lemuel_zombie_altar_kikubaaqudgha,
          minmay_misc_feat_enclosed, nicolae_underground_beach
D:4:      nicolae_cairo_tiling_very_big, layout_loops_cross,
          mainiacjoe_overflow_chevrons, kennysheep_mini_moat,
          mainiacjoe_overflow_alcove_4
D:5:      layout_basic, led_sif_pool, dreamdust_mushroom_princess
D:6:      layout_basic, grunt_temple_overflow_holy_war,
          mainiacjoe_overflow_alcove_2, zin_statuary,
          minmay_temple_entry_stoned_glass, uniq_pikel
D:7:      gammafunk_cloud_chamber, layout_basic, nicolae_overflow_hidden_temple,
          okawaru_metal_pillars_3, ebering_ghost_reflecting_pool
D:8:      layout_basic, mainiacjoe_overflow_paths, nicolae_elyvilon_temple_path,
          grunt_lair_entry_orc_guard_hut, kennysheep_island_fort, uniq_grum
Temple:   hellmonk_temple_two_chambers
Lair:1:   lemuel_slime, layout_cave_pods, grunt_megastairs_3
Lair:2:   layout_hall_layers, hellmonk_spider_entry_not_the_bees,
          enter_volcano_1, gammafunk_ghost_hydra_chop
Volcano:  volcano_grotto [vgs_dualism]

Skill      XL: |  1  2  3  4  5  6  7  8  9 10 11 |
---------------+----------------------------------+-----
Earth Magic    | 4 6 7 8 11 12 13 14 | 14.1
Spellcasting   | 3 4 5 6 8 9 10 | 10.3
Conjurations   | 4 5 |  5.4
Fighting       | 2 6 |  6.8
Dodging        | 3 7 |  7.2
Stealth        | |  1.4
Transmutations | |  1.2

Action                     |  1- 3 |  4- 6 |  7- 9 | 10-12 || total
---------------------------+-------+-------+-------+-------++-------
   Fire: Sling             |       |       |    10 |    17 ||    27
   Cast: Sandblast         |    41 |    36 |    99 |     8 ||   184
         Stone Arrow       |       |       |     7 |    95 ||   102
    Use: Scroll            |       |       |     8 |     3 ||    11
 Armour: Robe              |     8 |     3 |    53 |    76 ||   140
  Dodge: Dodged            |    12 |     6 |    85 |    63 ||   166

Table legend: (Time is in decaauts)
 A = Elapsed time spent in this place.
 B = Non-inter-level travel time spent in this place.
 C = Inter-level travel time spent in this place.
 D = Time resting spent in this place.
 E = Time spent auto-exploring this place.
 F = Levels seen in this place.
 G = Mean time per level.
                   A        B        C        D        E       F      G
               +--------+--------+--------+--------+--------+-----+--------+
         Total |   4024 |   3557 |    467 |      0 |   2425 |  12 |  335.3 |
       Dungeon |   3476 |   3026 |    450 |      0 |   2209 |   8 |  434.5 |
        Temple |     10 |     10 |      0 |      0 |      0 |   1 |   10.0 |
          Lair |    410 |    394 |     16 |      0 |    149 |   2 |  205.0 |
       Volcano |    126 |    126 |      0 |      0 |     67 |   1 |  126.0 |
               +--------+--------+--------+--------+--------+-----+--------+

Top non-repeatable levels by time:
     D:6: 575 daAuts
     D:2: 555 daAuts
     D:7: 499 daAuts
     D:5: 481 daAuts
     D:3: 419 daAuts
     D:4: 394 daAuts
     D:1: 282 daAuts
     D:8: 267 daAuts
  Lair:2: 209 daAuts
  Lair:1: 201 daAuts
 Volcano: 126 daAuts
  Temple: 10 daAuts
